AoeStats
← 17_Neo_

Golden Pit

507038163Analyzed
1v1 RM · 16d ago on Sep 16, 2026· 31m 30s· 2 players
Game mode
Random Map
Map size
Tiny (2 player)
Population
200
Speed
Normal
Resources
Standard
Victory
Conquest
Starting age
Dark Age
Ending age
Imperial Age
RankedLock teamsTeams togetherTeam positionsShared explorationLock speedFull tech treeHidden civsTurbo modeCheats
Victory
Defeat
🇨🇴 Mongols · Colombia
1673
+15
🇩🇪 Romans · Germany
1661
-15
Th1Raven
2:22 Loom
9:37 Feudal Age
10:06 Man-at-Arms
13:05 Double-Bit Axe
13:04 Horse Collar
21:20 Castle Age
19:21 Gold Mining
21:22 Wheelbarrow
22:29 Fletching
22:39 Padded Archer Armor
23:15 Bodkin Arrow
23:34 Bow Saw
24:19 Elite Skirmisher
25:50 Leather Archer Armor
26:21 Ballistics
17_Neo_
6:41 Loom
9:12 Feudal Age
9:44 Double-Bit Axe
9:39 Horse Collar
12:40 Wheelbarrow
19:32 Castle Age
18:25 Fletching
18:28 Gold Mining
19:33 Bloodlines
20:12 Bodkin Arrow
22:24 Ballistics
22:17 Padded Archer Armor
22:53 Town Watch
27:11 Leather Archer Armor
27:08 Husbandry
Connection lost

Rejoining the realm…

Still unreachable

The connection could not be restored.

Session expired

The server has moved on; the page needs a fresh start.